 Dungeon Crawl Stone Soup version 0.30-a0-782-ge64f9170bb (webtiles) character file.

Game seed: 15547490689650583368

53998 theswoord the Bludgeoner (level 14, 0/113 HPs)
             Began as a Demonspawn Gladiator on Feb 19, 2023.
             Was a High Priest of Kikubaaqudgha.
             Slain by a skeletal warrior
             ... wielding a +0 halberd
              (19 damage)
             ... on level 12 of the Dungeon.
             The game lasted 00:31:44 (16963 turns).

theswoord the Bludgeoner (Demonspawn Gladiator)    Turns: 16963, Time: 00:31:44

Health: 0/113      AC: 20    Str: 17    XL:     14   Next: 33%
Magic:  14/14      EV: 13    Int: 10    God:    Kikubaaqudgha [*****.]
Gold:   1242       SH:  0    Dex: 16    Spells: 7/13 levels left

rFire   . . .      SeeInvis +    J - +0 great mace (drain)
rCold   + + +      Faith    .    (shield currently unavailable)
rNeg    + . .      Spirit   .    W - +4 skin of Zhor {*Englaciate rC+++ SInv}
rPois   +          Reflect  .    c - +0 helmet
rElec   .          Harm     .    F - +2 ratskin cloak {*Rats rPois rN+ Str-1 Int-1 Dex+1}
rCorr   .          Rampage  .    D - +0 pair of gloves
Will    +....                    (boots unavailable)
Stlth   +                        X - amulet of the acrobat
HPRegen 0.38/turn                j - +4 ring of slaying
MPRegen 0.14/turn                o - ring of see invisible

@: sanguine armoured
A: hooves 3, powered by death 1, powered by pain 2, sanguine armour 2
a: Renounce Religion, Unearth Wretches, Torment


You were on level 12 of the Dungeon.
You worshipped Kikubaaqudgha.
Kikubaaqudgha was extremely pleased with you.
You visited 3 branches of the dungeon, and saw 18 of its levels.
You also visited: Bailey.

You collected 1634 gold pieces.
You spent 392 gold pieces at shops.

Inventory:

Hand Weapons
 J - a +0 great mace of draining (weapon)
Missiles
 Z - 3 throwing nets
Armour
 c - a +0 helmet (worn)
 D - a +0 pair of gloves (worn)
 F - the +2 ratskin cloak (worn) {*Rats rPois rN+ Str-1 Int-1 Dex+1}
   (You found it on level 6 of the Dungeon)

   *Rats:     When the wearer is hurt, rats may emerge from it to assist them.
   Str:       It affects your strength (-1).
   Int:       It affects your intelligence (-1).
   Dex:       It affects your dexterity (+1).
   rPois:     It protects you from poison.
   rN:        It protects you from negative energy.
 W - the +4 skin of Zhor (worn) {*Englaciate rC+++ SInv}
   (You found it on level 4 of the Lair of Beasts)

   *Englaciate: It radiates cold, occasionally slowing all nearby creatures who
   are not resistant to cold.
   rC:        It renders you almost immune to cold.
   SInv:      It lets you see invisible.
Jewellery
 j - a +4 ring of slaying (left hand)
 k - a ring of willpower
 o - a ring of see invisible (right hand)
 w - an amulet of reflection
 G - a ring of wizardry
 X - an amulet of the acrobat (around neck)
Wands
 E - a wand of paralysis (21)
 O - a wand of roots (5)
Scrolls
 a - a scroll of torment
 d - 3 scrolls of vulnerability
 g - 5 scrolls of identify
 h - 3 scrolls of amnesia
 q - 5 scrolls of enchant armour
 s - 4 scrolls of teleportation
 u - 3 scrolls of enchant weapon
 K - 3 scrolls of fear
 N - a scroll of magic mapping
 Q - 4 scrolls of immolation
 S - a scroll of butterflies
 T - a scroll of blinking
Potions
 f - 5 potions of flight
 i - a potion of cancellation
 m - 5 potions of curing
 r - 3 potions of mutation
 t - 6 potions of brilliance
 z - 5 potions of lignification
 C - a potion of magic
 I - a potion of attraction
 P - a potion of heal wounds
 R - 2 potions of resistance
 U - a potion of might


   Skills:
 + Level 11.2 Fighting
 + Level 16.5 Maces & Flails
 - Level 1.7 Throwing
 - Level 2.6 Dodging
 + Level 15.7 Necromancy


You had 7 spell levels left.
You knew the following spells:

 Your Spells              Type           Power      Damage    Failure   Level
a - Animate Dead          Necr           31%        N/A       1%          4
b - Wereblood             Tmut           0%         N/A       50%         2

Your spell library contained the following spells:

 Spells                   Type           Power      Damage    Failure   Level
 Kiss of Death            Conj/Necr      60%        2d10      1%          1
 Necrotise                Necr           100%       1d9       1%          1
 Sublimation of Blood     Necr           31%        N/A       1%          2
 Vampiric Draining        Necr           31%        2d8       1%          3
 Agony                    Necr           31%        N/A       1%          5
 Anguish                  Hex/Necr       7%         N/A       16%         4
 Apportation              Tloc           0%         N/A       36%         1
 Summon Small Mammal      Summ           0%         N/A       36%         1
 Borgnjor's Vile Clutch   Necr/Erth      7%         N/A       38%         5
 Ensorcelled Hibernation  Hex/Ice        0%         N/A       50%         2
 Dazzling Flash           Conj/Hex       0%         N/A       75%         3
 Ignite Poison            Fire/Tmut/Pois 0%         N/A       75%         3
 Kindle Blastsparks       Fire/Tloc/Air  0%         2d10      75%         3
 Ozocubu's Armour         Ice            0%         N/A       75%         3
 Spider Form              Tmut/Pois      0%         N/A       75%         3
 Simulacrum               Ice/Necr       7%         N/A       93%         6
 Iskenderun's Mystic Bla  Conj/Tloc      0%         2d3       98%         4
 Sticky Flame             Conj/Fire      0%         2d3       98%         4
 Freezing Cloud           Conj/Ice/Air   0%         6-21      100%        5
 Metabolic Englaciation   Hex/Ice        0%         N/A       100%        5
 Starburst                Conj/Fire      0%         6d3       100%        6
 Summon Hydra             Summ           0%         N/A       100%        7
 Ignition                 Fire           0%         3d3       100%        8


Dungeon Overview and Level Annotations

Branches:
Dungeon (12/15)            Temple (1/1) D:6            Lair (5/5) D:11
  Swamp (0/4) Lair:2        Snake (0/4) Lair:2        Slime (0/5) Lair:4
    Orc (0/2) D:11         Bailey (visited)

Altars:
Dithmenos
Fedhas
Gozag
Kikubaaqudgha
Makhleb
Nemelex Xobeh
Okawaru
Qazlal
Ru
Sif Muna
Trog
Vehumet
Wu Jian
Xom
Yredelemnul
Jiyva

Shops:
D:5 ?   D:7 :   D:9 [*

Annotations:
D:7 2 transporters, MCDelver's ghost, novice OpFE


Innate Abilities, Weirdness & Mutations

You have hooves in place of feet.
You regenerate a little health from kills.
You sometimes gain power by taking damage.
When seriously injured, your blood forms thick armour. (AC +9)


Message History

You kick the skeletal warrior, but do no damage.
The skeletal warrior barely misses you.
You sock the skeletal warrior! Your kick misses the skeletal warrior.
The skeletal warrior hits you with a +0 long sword.
* * * LOW HITPOINT WARNING * * *
You thump the skeletal warrior!
You destroy the skeletal warrior!
Kikubaaqudgha accepts your kill.
No target in view!
No target in view!
No target in view!
A skeletal warrior is nearby!
A skeletal warrior is nearby!
A skeletal warrior is nearby!
The skeletal warrior hits you but does no damage.
You hit the skeletal warrior.
You kick the skeletal warrior, but do no damage.
The skeletal warrior misses you.
You hit the skeletal warrior but do no damage.
You kick the skeletal warrior, but do no damage.
The skeletal warrior hits you with a +0 halberd!
* * * LOW HITPOINT WARNING * * *
You bludgeon the skeletal warrior!! Your kick misses the skeletal warrior.
The skeletal warrior misses you.
You hit the skeletal warrior. Your kick misses the skeletal warrior.
The skeletal warrior barely misses you.
You hit the skeletal warrior but do no damage.
You kick the skeletal warrior, but do no damage.
The skeletal warrior hits you with a +0 halberd!!
* * * LOW HITPOINT WARNING * * *
You closely miss the skeletal warrior.
The skeletal warrior closely misses you.
You closely miss the skeletal warrior. Your kick misses the skeletal warrior.
The skeletal warrior hits you with a +0 halberd!
* * * LOW HITPOINT WARNING * * *
You sock the skeletal warrior! You kick the skeletal warrior.
You radiate an aura of cold.
The skeletal warrior is unaffected.
The skeletal warrior hits you with a +0 halberd!!
You die...
Kikubaaqudgha rasps: "You have failed me!
Welcome... death!"

#.........# #...........).
#.........# #####'#.###.#...
.........z# #.....#.#.#.+...
#.........###.#####.#.###...
#..........##.# #.#.......
#......z...##.# #.#.######
..............# #....#
...#####.###z######....#####
. '.....).@................
###.#.#.##...###.########
#.#.#.#.....<#)........ #
#.#.#.....###########
#.#.##..#.####
#....^..#....####
###.###.#.......# #.#
#.#.##.##.# #.# #.#.#.....#


You could see a skeletal warrior.

Vanquished Creatures
  Gastronok (Lair:1)
  5 hydras
  A catoblepas (Lair:5)
  2 two-headed ogres
  A boulder beetle (D:12)
  12 death yaks
  A deep troll shaman (Lair:5)
  The ghost of Leeroy the Carver, a journeyman VSWr of Wu Jian (D:10)
  4 skeletal warriors
  A skyshark (Lair:5)
  A wizard (D:12)
  A steelbarb worm (D:9)
  An ugly thing (D:12)
  An oklob plant (Lair:3)
  3 cyclopes
  5 elephants
  A black mamba (Lair:2)
  3 torpor snails
  9 cane toads
  Maurice (D:9)
  A kobold demonologist (D:10)
  3 rime drakes
  2 unseen horrors (D:11)
  6 komodo dragons
  A tengu conjurer (D:10)
  6 polar bears
  2 trolls (D:9)
  Grinder (D:6)
  Prince Ribbit (D:9)
  7 blink frogs
  3 dream sheep (Lair:5)
  A wraith (D:11)
  A wyvern (Lair:5)
  26 yaks
  2 steam dragons
  3 nagas (Lair:2)
  11 water moccasins
  An acid dragon (D:9)
  A black bear (Lair:5)
  Pargi (D:3)
  3 ice beasts
  6 orc warriors
  12 wolves
  5 centaurs
  A phantom (D:5)
  9 kobold brigands
  Blork the orc (D:6)
  A necrophage (D:8)
  6 bullfrogs
  2 scorpions
  4 wights (D:8)
  14 killer bees
  A howler monkey (D:12)
  6 crimson imps (D:10)
  A jelly (D:6)
  4 hounds
  3 orc priests
  3 iguanas
  Terence (D:3)
  16 orc wizards
  5 hell rats (D:6)
  Robin (D:3)
  7 gnolls (D:3)
  7 adders
  11 river rats (D:6)
  3 shadow imps
  17 white imps
  An ufetubus (D:4)
  2 worms
  2 dart slugs
  45 orcs
  10 ball pythons
  6 bats
  5 endoplasms
  5 giant cockroaches
  19 goblins
  8 hobgoblins
  3 jackals (D:5)
  A quokka (D:3)
  A frilled lizard (D:2)
  25 kobolds
  7 rats
  A bush (D:10)
426 creatures vanquished.

Vanquished Creatures (collateral kills)
  Snorg (D:10)
  5 death yaks
  3 elephants
  A black mamba (Lair:5)
  Joseph (D:9)
  2 cane toads
  A komodo dragon (Lair:2)
  A polar bear (D:11)
  4 blink frogs
  A dream sheep (Lair:5)
  2 basilisks
  11 yaks
  An orc warrior (Bailey)
  An ice beast (D:11)
  2 wolves (D:11)
  An orc wizard (D:9)
  2 goblins (D:10)
  3 kobolds (D:9)
  A bush (Lair:3)
44 creatures vanquished.

Vanquished Creatures (others)
  2 elephant zombies (Lair:5)
  12 yak zombies
  9 kobold zombies
  A bush (Lair:5)
  46 fungi
  57 plants
127 creatures vanquished.

Grand Total: 597 creatures vanquished

Notes
Turn   | Place    | Note
-------+----------+-------------------------------------------
     0 | D:1      | theswoord the Demonspawn Gladiator began the quest for the
                  | Orb.
     0 | D:1      | Reached XP level 1. HP: 16/16 MP: 1/1
   142 | D:1      | Reached skill level 3 in Maces & Flails
   164 | D:1      | Gained mutation: You sometimes gain a little power by
                  | taking damage. [demonic ancestry]
   164 | D:1      | Reached XP level 2. HP: 19/22 MP: 2/2
   673 | D:2      | Reached skill level 4 in Maces & Flails
   673 | D:2      | Reached XP level 3. HP: 15/27 MP: 3/3
   952 | D:2      | Found a basalt altar of Yredelemnul.
  1066 | D:2      | Found a faded altar of an unknown god.
  1273 | D:3      | Noticed Terence
  1276 | D:3      | Killed Terence
  1277 | D:3      | Reached XP level 4. HP: 28/33 MP: 4/4
  1316 | D:3      | Reached skill level 5 in Maces & Flails
  1448 | D:3      | Found a basalt altar of Yredelemnul.
  1678 | D:3      | Reached XP level 5. HP: 38/38 MP: 5/5
  1710 | D:3      | Identified the +5 rapier of the Philosopher {venom, rPois
                  | Str+3}
  2380 | D:3      | Noticed Robin
  2385 | D:3      | Killed Robin
  2386 | D:3      | Noticed Pargi
  2398 | D:3      | Killed Pargi
  2399 | D:3      | Reached skill level 6 in Maces & Flails
  2399 | D:3      | Reached XP level 6. HP: 33/44 MP: 6/6
  2561 | D:4      | Found a burning altar of Makhleb.
  2581 | D:4      | Found a sparkling altar of Nemelex Xobeh.
  2860 | D:4      | Found an ornate altar of the Wu Jian Council.
  2938 | D:5      | Entered Level 5 of the Dungeon
  2938 | D:5      | Found Mefri's Magic Scroll Emporium.
  2965 | D:5      | Reached skill level 7 in Maces & Flails
  3007 | D:5      | Gained mutation: You have large cloven feet. [demonic
                  | ancestry]
  3007 | D:5      | Reached XP level 7. HP: 44/50 MP: 7/7
  3327 | D:5      | Reached skill level 8 in Maces & Flails
  3969 | D:6      | Noticed Grinder
  3975 | D:6      | Paralysed by Grinder for 3 turns
  3986 | D:6      | Killed Grinder
  3987 | D:6      | Reached skill level 9 in Maces & Flails
  3987 | D:6      | Gained mutation: You regenerate a little health from kills.
                  | [demonic ancestry]
  3987 | D:6      | Reached XP level 8. HP: 43/56 MP: 8/8
  3987 | D:6      | Noticed Blork the orc
  3993 | D:6      | Killed Blork the orc
  4341 | D:6      | Found the +2 ratskin cloak {*Rats rPois rN+ Str-1 Int-1
                  | Dex+1}
  4349 | D:6      | Reached skill level 10 in Maces & Flails
  4512 | D:6      | Found a staircase to the Ecumenical Temple.
  4516 | Temple   | Entered the Ecumenical Temple
  4536 | Temple   | Became a worshipper of Kikubaaqudgha
  4828 | D:7      | Reached skill level 1 in Necromancy
  4996 | D:7      | Found Tepsi's Book Boutique.
  5113 | D:7      | Noticed a moth of wrath
  5139 | D:7      | Noticed MCDelver's ghost (novice OpFE)
  5140 | D:7      | Found a bloodstained altar of Trog.
  5164 | D:7      | Found a transporter.
  5168 | D:7      | Found a transporter.
  5211 | D:7      | Gained mutation: When seriously injured, your blood forms
                  | armour. (AC +9) [demonic ancestry]
  5211 | D:7      | Reached XP level 9. HP: 56/61 MP: 9/9
  5222 | D:7      | Found an iron altar of Okawaru.
  5741 | D:8      | Reached skill level 11 in Maces & Flails
  5827 | D:8      | Reached * piety under Kikubaaqudgha
  5827 | D:8      | Received a gift from Kikubaaqudgha
  5833 | D:8      | Learned a level 4 spell: Animate Dead
  5874 | D:8      | Reached skill level 5 in Necromancy
  6300 | D:8      | Found a radiant altar of Vehumet.
  6476 | D:9      | Noticed Prince Ribbit
  6487 | D:9      | Noticed Joseph
  6518 | D:9      | Killed Prince Ribbit
  6530 | D:9      | Killed Joseph
  6532 | D:9      | Reached ** piety under Kikubaaqudgha
  6601 | D:9      | Noticed a troll
  6601 | D:9      | Noticed a troll
  6625 | D:9      | Killed a troll
  6630 | D:9      | HP: 3/61 [troll (8)]
  6642 | D:9      | Killed a troll
  6651 | D:9      | Gained mutation: You have hoof-like feet. [demonic
                  | ancestry]
  6651 | D:9      | Reached XP level 10. HP: 30/67 MP: 10/10
  6691 | D:9      | Found Axikodua's Armour Shop.
  6783 | D:9      | Reached skill level 12 in Maces & Flails
  6862 | D:9      | Found Zin's Purification Station.
  6938 | D:9      | Noticed Maurice
  6954 | D:9      | Killed Maurice
  6957 | D:9      | Noticed a two-headed ogre
  6961 | D:9      | a two-headed ogre changed into a shock serpent
  6961 | D:9      | Noticed a shock serpent
  6962 | D:9      | a shock serpent changed into a steelbarb worm
  6962 | D:9      | Noticed a steelbarb worm
  6986 | D:9      | Killed a steelbarb worm
  7161 | D:10     | Entered Level 10 of the Dungeon
  7172 | D:10     | Found a flagged portal.
  7206 | Bailey   | Entered a bailey
  7316 | Bailey   | Reached *** piety under Kikubaaqudgha
  7316 | Bailey   | Received a gift from Kikubaaqudgha
  7324 | Bailey   | Found a burning altar of Makhleb.
  7424 | D:10     | Noticed a two-headed ogre
  7435 | D:10     | Killed a two-headed ogre
  7523 | D:10     | Found a blossoming altar of Fedhas.
  7557 | D:10     | Reached skill level 13 in Maces & Flails
  7573 | D:10     | Noticed a sun demon
  7576 | D:10     | Reached skill level 10 in Necromancy
  7894 | D:10     | Gained mutation: When seriously injured, your blood forms
                  | thick armour. (AC +9) [demonic ancestry]
  7894 | D:10     | Reached XP level 11. HP: 72/72 MP: 11/11
  8002 | D:10     | Found a runed translucent door.
  8002 | D:10     | Noticed Leeroy's ghost (journeyman VSWr)
  8196 | D:11     | Noticed Snorg
  8217 | D:10     | Killed Snorg
  8352 | D:11     | Reached **** piety under Kikubaaqudgha
  8426 | D:11     | Found a staircase to the Lair.
  8472 | D:11     | Noticed a two-headed ogre
  8478 | D:11     | Killed a two-headed ogre
  8645 | D:11     | Found a staircase to the Orcish Mines.
  9101 | D:12     | Noticed a wizard
  9114 | D:12     | Killed a wizard
  9144 | Lair:1   | Entered Level 1 of the Lair of Beasts
  9334 | Lair:1   | Reached skill level 14 in Maces & Flails
  9446 | Lair:1   | Noticed Gastronok
  9454 | Lair:1   | Killed Gastronok
  9455 | Lair:1   | Reached skill level 5 in Fighting
  9600 | Lair:1   | Noticed a death yak
  9600 | Lair:1   | Noticed a death yak
  9601 | Lair:1   | Noticed a death yak
  9601 | Lair:1   | Noticed a death yak
  9647 | Lair:1   | Killed a death yak
  9666 | Lair:1   | Reached XP level 12. HP: 44/86 MP: 12/12
  9672 | Lair:1   | Killed a death yak
  9676 | Lair:1   | Killed a death yak
  9683 | Lair:1   | Killed a death yak
  9813 | Lair:1   | Noticed a death yak
  9822 | Lair:1   | Killed a death yak
 10215 | Lair:2   | Noticed a five-headed hydra
 10216 | Lair:2   | Noticed an eight-headed hydra
 10229 | Lair:2   | Killed an eight-headed hydra
 10233 | Lair:2   | Killed a five-headed hydra
 10294 | Lair:2   | Found a staircase to the Swamp.
 10325 | Lair:2   | Found a frozen archway.
 10389 | Lair:2   | Noticed a six-headed hydra
 10407 | Lair:2   | Killed a six-headed hydra
 10476 | Lair:2   | Noticed a death yak
 10476 | Lair:2   | Noticed a death yak
 10476 | Lair:2   | Noticed a death yak
 10477 | Lair:2   | Noticed a death yak
 10478 | Lair:2   | Noticed a death yak
 10478 | Lair:2   | Noticed a death yak
 10488 | Lair:2   | Killed a death yak
 10494 | Lair:2   | Killed a death yak
 10495 | Lair:2   | Killed a death yak
 10496 | Lair:2   | Reached skill level 15 in Maces & Flails
 10498 | Lair:2   | Killed a death yak
 10499 | Lair:2   | Killed a death yak
 10503 | Lair:2   | Killed a death yak
 10603 | Lair:2   | Found a staircase to the Snake Pit.
 10618 | Lair:2   | Reached ***** piety under Kikubaaqudgha
 10758 | Lair:2   | Gained mutation: You sometimes gain power by taking damage.
                  | [demonic ancestry]
 10758 | Lair:2   | Reached XP level 13. HP: 81/98 MP: 13/13
 12309 | Lair:4   | Found a viscous altar of Jiyva.
 12309 | Lair:4   | Found a staircase to the Slime Pits.
 12555 | Lair:4   | Found the +4 skin of Zhor {*Englaciate rC+++ SInv}
 12978 | Lair:5   | Entered Level 5 of the Lair of Beasts
 13122 | Lair:5   | Reached skill level 10 in Fighting
 13273 | Lair:5   | Reached skill level 16 in Maces & Flails
 13313 | Lair:5   | Reached skill level 15 in Necromancy
 14428 | Lair:5   | Gained mutation: You have hooves in place of feet. [demonic
                  | ancestry]
 14428 | Lair:5   | Reached XP level 14. HP: 43/111 MP: 14/14
 15447 | D:7      | Bought a book of Blood for 392 gold pieces
 15450 | D:7      | Learned a level 2 spell: Wereblood
 15616 | D:10     | Killed Leeroy's ghost
 16521 | D:11     | HP: 2/113 [skeletal warrior/+0 war axe (8)]
 16963 | D:12     | Slain by a skeletal warrior

Skill      XL: |  1  2  3  4  5  6  7  8  9 10 11 12 13 14 |
---------------+-------------------------------------------+-----
Maces & Flails | 3 4 5 6 7 9 10 11 13 14 15 16 | 16.5
Necromancy     | 3 7 10 12 13 15 | 15.7
Fighting       | 5 8 10 11 | 11.2
Throwing       | |  1.7
Dodging        | |  2.6

Action                     |  1- 3 |  4- 6 |  7- 9 | 10-12 | 13-15 || total
---------------------------+-------+-------+-------+-------+-------++-------
  Melee: Flail             |    91 |   158 |   161 |       |       ||   410
         Punch             |       |     3 |     5 |     6 |       ||    14
         Kick              |       |       |    83 |       |    57 ||   140
         Whip              |       |       |   206 |   210 |       ||   416
         Great mace        |       |       |       |   423 |   471 ||   894
  Throw: Throwing net      |       |       |       |     4 |       ||     4
   Cast: Animate Dead      |       |       |       |    10 |     7 ||    17
  Evoke: Wand              |       |       |       |     4 |       ||     4
    Use: Scroll            |     8 |     1 |     8 |     7 |     5 ||    29
         Potion            |       |       |     3 |     3 |     4 ||    10
   Stab: Sleeping          |       |       |     1 |       |     2 ||     3
         Invisible         |       |       |       |     4 |       ||     4
         Distracted        |       |       |       |     5 |     4 ||     9
         Petrified         |       |       |       |       |     2 ||     2
         Petrifying        |       |       |       |       |     1 ||     1
 Armour: Leather armour    |    31 |       |       |       |       ||    31
         Chain mail        |    16 |    65 |       |       |       ||    81
         Troll leather arm |       |    26 |    90 |   331 |    87 ||   534
         Skin              |       |       |       |     6 |       ||     6
         Animal skin       |       |       |       |       |   109 ||   109
  Dodge: Dodged            |    78 |   111 |   169 |   392 |   238 ||   988
  Block: Other             |       |       |    66 |   188 |    85 ||   339
         Reflection        |       |       |     3 |     8 |       ||    11

Levels and vault maps discovered:
D:1:      dpeg_arrival_snail, layout_basic, serial_aquarium,
          aquarium_bridge_straight [aquarium_subvault_bridge,
          aquarium_subvault_balcony, aquarium_subvault_bridge,
          aquarium_subvault_wall], aquarium_window_fake, aquarium_window_fake,
          aquarium_view_2c, aquarium_pool_2, minmay_pentomino_x2
D:2:      layout_rooms, basic_altar, shapermc_ecumenical_altar_totnotflames,
          uniq_crazy_yiuf_cottage
D:3:      layout_basic, yredelemnul_altar_generic, uniq_robin, uniq_pargi,
          uniq_terence
D:4:      layout_rooms, mainiacjoe_overflow_cross_hatched,
          grunt_temple_overflow_open
D:5:      layout_layer_cave, serial_shops, nicolae_stop_n_shop_2
D:6:      wander_guarded_unrand_ratskin, layout_basic, temple_hall_moat,
          serial_glass, glass_columns_b, glass_columns_b, uniq_grinder,
          uniq_blork_the_orc
D:7:      layout_basic, mainiacjoe_overflow_alcove_2,
          gammafunk_ghost_wrathful_warriors, nicolae_stop_n_shop_1
D:8:      layout_gridville, overflow_temple_1_default, grunt_ministairs_9
D:9:      layout_rooms, zin_purify, serial_shops, shop, uniq_maurice,
          uniq_prince_ribbit1, uniq_joseph
D:10:     layout_cave_pools, fedhas_bush_and_centaur_altar, serial_rivers,
          chequers_serial_rivers_large_b, chequers_serial_rivers_micro_e,
          chequers_serial_rivers_small_3, chequers_serial_rivers_micro_b,
          chequers_serial_rivers_micro_d, chequers_serial_rivers_micro_d,
          enter_bailey_3, ebering_ghost_inner_flame,
          amcnicky_mini_corridor_feature, minmay_nine_imps
D:11:     layout_gridville, hellmonk_lair_entry_icy, uniq_snorg
D:12:     layout_basic
Temple:   nicolae_temple_bog_church
Lair:1:   layout_loops_ring, nicolae_lair_grazing_beasts
          [nicolae_sub_lair_graze_edge, nicolae_sub_lair_graze_edge,
          nicolae_sub_lair_graze_edge, nicolae_sub_lair_graze_edge],
          uniq_gastronok
Lair:2:   layout_gridlike, palyth_hydra_swamp_entry,
          guppyfry_snake_entry_island, portal_ice_cave_entry_imps,
          nicolae_lair_grove_arrangements
Lair:3:   layout_chaotic_city
Lair:4:   layout_regular_city, slime_entry_1, minivault_11
Lair:5:   grunt_lair_end_beastmaster, layout_cave_pods
